Map: Sanctuary III LE

Players

SialicAcid

  • Race: Terran Terran
  • League: Diamond

인공지능 칸 (정예) - Winner!

  • Race: Zerg Zerg

VOD

Have the link to the VOD?

Description

Time

  • Played on: Sept. 22, 2026, 10:58 p.m.
  • Length: 9:01
Show
View Real Time Build Order
Export as new Build Order

SialicAcid Terran 

Build Orders: Reaper Expand, Hellion Banshee 

Get SALT Encoding   

  12  0:00  SCV  
  13  0:12  SCV  
  14  0:17  Supply Depot  
  14  0:25  SCV  
  15  0:39  SCV  
  15  0:40  Barracks  
  16  0:44  Refinery  
  16  0:51  SCV  
  17  1:03  SCV  
  18  1:15  SCV  
  19  1:25  Reaper  
  19  1:27  Orbital Command  
  20  1:41  Command Center  
  20  1:50  Supply Depot  
  20  1:53  SCV  
  21  1:58  Marine  
  22  2:06  Factory  
  22  2:09  SCV  
  23  2:20  Barracks Reactor  
  23  2:21  SCV  
  24  2:34  SCV  
  25  2:42  Command Center  
  25  2:46  SCV  
  26  2:53  Orbital Command  
  26  3:00  Starport  
  26  3:02  SCV  
  27  3:07  Refinery  
  27  3:18  SCV  
  28  3:21  Hellion  
  28  3:22  Hellion  
  28  3:23  SCV  
  33  3:27  Barracks Tech Lab  
  33  3:30  SCV  
  34  3:43  Hellion x2  
  34  3:45  SCV x2  
  40  3:49  Banshee  
  43  3:55  Orbital Command  
  43  3:57  SCV  
  43  3:58  SCV  
  43  4:02  Cloaking Field  
  45  4:05  Barracks Tech Lab  
  45  4:07  Hellion  
  45  4:09  SCV  
  48  4:10  Hellion  
  48  4:15  SCV  
  51  4:21  SCV  
  51  4:22  SCV  
  53  4:26  Supply Depot  
  53  4:27  SCV  
  54  4:33  Barracks, SCV  
  54  4:34  Banshee  
  54  4:37  Barracks  
  58  4:39  SCV  
  58  4:42  Factory Reactor  
  59  4:45  Supply Depot  
  59  4:46  SCV  
  59  4:49  Refinery  
  59  4:50  Refinery  
  60  4:54  Engineering Bay  
  60  4:56  Engineering Bay  
  60  4:57  SCV x2  
  62  5:00  Stimpack  
  62  5:03  SCV  
  63  5:09  SCV  
  63  5:11  Marine  
  65  5:15  Supply Depot, SCV x2  
  67  5:22  Terran Infantry Weapons Level 1  
  67  5:23  Terran Infantry Armor Level 1  
  67  5:25  Marine  
  68  5:32  SCV  
  69  5:36  Starport Reactor  
  69  5:42  Marine x2, Barracks  
  71  5:43  Marine x2  
  71  5:44  Barracks, Siege Tank  
  71  5:45  Marine  
  77  5:54  SCV x2, Orbital Command  
  77  5:56  Supply Depot  
  79  6:00  Marine  
  79  6:02  Marine x2  
  79  6:03  Marine  
  83  6:07  Supply Depot  
  83  6:08  SCV  
  84  6:12  Factory  
  84  6:14  Armory  
  84  6:19  Marine x2  
  84  6:20  Marine, Siege Tank  
  90  6:25  Marine  
  90  6:26  SCV x2  
  90  6:30  Medivac  
  90  6:32  SCV  
  96  6:38  Medivac, SCV  
  96  6:39  SCV, Combat Shield  
  100  6:41  Marine  
  100  6:43  Barracks Reactor  
  101  6:47  Supply Depot  
  101  6:53  Supply Depot  
  101  7:02  Command Center  
  101  7:06  Refinery  
  101  7:07  Refinery  
  101  7:08  Marine x2, SCV x3, Factory Reactor  
  101  7:10  Hellion  
  101  7:11  Barracks Reactor  
  101  7:14  Medivac x2  
  112  7:20  Marine x2, SCV x2  
  112  7:22  Supply Depot x2  
  116  7:23  SCV  
  117  7:31  Hellion  
  117  7:32  Marine x3  
  117  7:33  SCV  
  123  7:41  SCV x2  
  123  7:42  Supply Depot  
  123  7:43  Marine, Supply Depot  
  126  7:45  SCV  
  126  7:47  Supply Depot  
  127  7:53  SCV x2  
  129  7:58  Marine  
  129  7:59  Marine x7  
  129  8:00  Widow Mine x2  
  129  8:03  Marine  
  129  8:04  Widow Mine  
  137  8:13  Medivac x2  
  137  8:16  Marine x3  
  137  8:17  Marine  
  130  8:25  Marine x2  
  124  8:29  Marine  
  120  8:42  Factory  
  120  8:44  SCV  
  120  8:45  SCV  
  120  8:46  Barracks  
  120  8:47  Command Center  
  125  8:49  SCV  
  126  8:58  Refinery  
Show
View Real Time Build Order
Export as new Build Order

인공지능 칸 (정예) Zerg - Winner!

Build Orders: Pool First 

Get SALT Encoding   

  12  0:00  Drone  
  13  0:13  Overlord  
  13  0:17  Drone  
  14  0:31  Drone x2  
  16  0:43  Spawning Pool  
  16  0:45  Drone  
  16  0:50  Drone  
  17  1:13  Hatchery, Drone  
  17  1:15  Extractor  
  17  1:18  Drone  
  17  1:22  Drone  
  18  1:28  Drone  
  19  1:38  Overlord  
  19  1:49  Queen, Drone  
  22  2:00  Zergling x2  
  23  2:11  Drone  
  24  2:21  Drone  
  25  2:24  Queen  
  25  2:26  Roach Warren  
  26  2:31  Drone  
  26  2:33  Extractor  
  26  2:38  Drone  
  26  2:42  Zergling x2  
  27  2:48  Overlord  
  27  2:50  Drone  
  28  2:55  Drone  
  28  2:57  Drone  
  30  3:04  Drone  
  31  3:05  Drone  
  31  3:08  Zergling x2  
  31  3:12  Zergling x2  
  34  3:17  Roach  
  36  3:22  Roach  
  36  3:26  Roach  
  40  3:30  Roach  
  40  3:33  Drone  
  43  3:40  Overlord  
  43  3:49  Lair  
  43  3:51  Drone  
  43  3:53  Metabolic Boost  
  44  3:58  Overlord  
  44  4:00  Drone  
  45  4:03  Drone  
  45  4:05  Drone  
  45  4:08  Zergling x2  
  48  4:10  Zergling x2  
  48  4:12  Zergling x2  
  50  4:19  Evolution Chamber, Drone  
  50  4:24  Evolution Chamber  
  49  4:25  Drone  
  49  4:27  Drone  
  49  4:30  Drone  
  52  4:33  Drone  
  52  4:34  Drone  
  54  4:47  Zerg Missile Weapons Level 1  
  54  4:49  Zerg Ground Armor Level 1  
  54  4:52  Hydralisk Den, Drone  
  54  4:54  Overlord  
  54  4:57  Roach  
  56  5:00  Roach  
  58  5:12  Overlord, Drone x2, Extractor  
  58  5:13  Drone  
  60  5:15  Drone  
  60  5:17  Drone  
  60  5:18  Drone  
  60  5:20  Drone  
  60  5:21  Hydralisk  
  64  5:23  Hydralisk  
  68  5:30  Drone  
  68  5:31  Overlord  
  68  5:33  Drone  
  68  5:34  Drone  
  71  5:36  Drone  
  71  5:38  Drone  
  71  5:40  Drone  
  71  5:41  Overseer, Drone  
  75  5:43  Drone  
  75  5:49  Drone  
  77  5:51  Infestation Pit  
  77  5:54  Overlord  
  78  5:57  Roach  
  78  5:59  Roach  
  78  6:01  Roach  
  82  6:12  Overlord, Roach  
  82  6:13  Evolution Chamber  
  82  6:14  Drone  
  84  6:21  Ravager  
  84  6:22  Hatchery  
  84  6:23  Extractor  
  84  6:24  Roach  
  84  6:25  Drone  
  86  6:28  Infestor  
  88  6:41  Zerg Melee Weapons Level 1  
  88  6:42  Infestor, Overlord  
  88  6:46  Drone x2  
  92  6:51  Ravager  
  92  6:53  Roach  
  95  6:57  Hydralisk  
  95  7:01  Overlord  
  96  7:02  Hydralisk  
  98  7:15  Spine Crawler  
  97  7:16  Drone, Infestor  
  100  7:28  Spine Crawler  
  100  7:29  Drone  
  100  7:30  Infestor  
  100  7:33  Overlord, Roach  
  100  7:34  Drone  
  100  7:35  Roach, Drone x4  
  111  7:37  Drone  
  111  7:40  Drone  
  111  7:41  Roach, Drone x2  
  111  7:44  Extractor  
  116  7:45  Drone x4  
  116  7:49  Drone  
  121  7:51  Overlord, Extractor  
  121  7:55  Drone  
  121  8:00  Drone  
  121  8:02  Drone  
  121  8:04  Queen  
  121  8:05  Baneling Nest  
  124  8:06  Drone  
  124  8:07  Spore Crawler  
  124  8:08  Spore Crawler  
  124  8:11  Zergling x2  
  119  8:13  Zergling x4, Overlord, Drone  
  102  8:25  Roach  
  88  8:28  Roach  
  88  8:30  Roach  
  88  8:31  Roach  
  88  8:32  Hatchery  
  88  8:33  Roach  
  93  8:36  Roach  
  95  8:45  Drone  
  95  8:47  Drone  
  103  8:49  Drone  
Tags
 
Add a new tag
Caveats
  • Supply blocks, unpowered buildings, or Contaminate may cause inaccurate times.
  • Supply counts are checked every 10 seconds.